 Dungeon Crawl Stone Soup version 0.16.1-5-gaa23807 (webtiles) character file.

9834 maniek23 the Covert (level 11, 0/75 HPs)
             Began as a Vampire Enchanter on Mar 28, 2015.
             Slain by an air elemental (4 damage)
             ... on level 10 of the Dungeon.
             The game lasted 00:55:32 (13007 turns).

maniek23 the Covert (Vampire Enchanter)            Turns: 13007, Time: 00:55:32

Health: 0/75       AC: 11    Str:  8    XL:     11   Next: 28%
Magic:  25/25      EV: 13    Int: 17    God:
Gold:   495        SH:  0    Dex: 16    Spells: 4 memorised, 12 levels left

rFire  . . .     SeeInvis +     E - +5 dagger
rCold  + + .     Clarity  .     H - +0 ring mail (curse)
rNeg   + + .     SustAb   .     (no shield)
rPois  +         Gourm    .     (no helmet)
rElec  .         Spirit   .     B - +0 cloak
rCorr  .         Warding  .     q - +0 pair of gloves
rMut   .         Stasis   .     Y - +0 pair of boots
MR     +....                    (no amulet)
Stlth  ++++++....               K - +3 ring of protection
                                M - ring of protection from cold

@: about to teleport, regenerating slowly, somewhat resistant to hostile
enchantments, very stealthy
A: bottle blood, fangs 3, see invisible, unbreathing
a: Bat Form


You were on level 10 of the Dungeon.
You were very thirsty.

You visited 2 branches of the dungeon, and saw 11 of its levels.

You collected 495 gold pieces.

Inventory:

Hand weapons
 a - a +1 dagger
 e - a +2 dagger of venom
 o - a +2 dagger of speed
 E - a +5 dagger (weapon)
 G - a +0 short sword of distortion
 V - a +1 short sword of draining
Armour
 b - a +1 robe
 g - a +2 scale mail of magic resistance
 q - a +0 pair of gloves (worn)
 B - a +0 cloak (worn)
 H - a cursed +0 ring mail (worn)
 T - a +1 robe of magic resistance
 Y - a +0 pair of boots (worn)
Jewellery
 D - an uncursed ring of sustain abilities
 K - a +3 ring of protection (right hand)
 L - an uncursed ring of protection from cold
 M - a ring of protection from cold (left hand)
 R - a +5 ring of evasion {unknown}
 U - an uncursed ring of protection from cold
Magical devices
 F - a wand of frost (18)
 J - a wand of flame (24)
 P - a wand of disintegration (15)
 S - a wand of flame (11)
 W - a wand of magic darts (12)
Scrolls
 i - 2 scrolls of identify
 n - 3 scrolls of teleportation
 p - a scroll of immolation
 r - 4 scrolls of recharging
 s - a scroll of enchant weapon
 y - 2 scrolls of amnesia
 z - 2 scrolls of remove curse
 N - a scroll of magic mapping
 Q - 5 scrolls of noise {unknown}
Potions
 d - 8 potions of blood
 f - 2 potions of cure mutation
 h - 3 potions of ambrosia {unknown}
 j - 5 potions of curing {unknown}
 k - 2 potions of haste {unknown}
 m - 3 potions of degeneration {unknown}
 t - 2 potions of restore abilities {unknown}
 u - 2 potions of flight {unknown}
 w - 2 potions of beneficial mutation {unknown}
 x - 2 potions of invisibility {unknown}
 A - 2 potions of might {unknown}
 C - a potion of poison {unknown}
 O - 2 potions of brilliance {unknown}
 X - 2 potions of lignification {unknown}
Books
 c - a book of Maledictions

   Spells                             Type                      Level
   a - Corona                         Hexes                        1
   b - Sure Blade                     Hexes/Charms                 2
   c - Ensorcelled Hibernation        Hexes/Ice                    2
   d - Confuse                        Hexes                        3
   e - Dazzling Spray                 Conjuration/Hexes            3
   f - Enslavement                    Hexes                        4
 l - a book of Unlife

   Spells                             Type                      Level
   a - Recall                         Summoning/Translocation      3
   b - Animate Dead                   Necromancy                   4
   c - Control Undead                 Necromancy                   4
   d - Cigotuvi's Embrace             Necromancy                   5
   e - Death Channel                  Necromancy                   6
   f - Simulacrum                     Ice/Necromancy               6
 v - a Grand Grimoire {highlevel, unknown}

   This book is beyond your current level of understanding.

   Spells                             Type                      Level
   a - Aura of Abjuration             Summoning                    6
   b - Summon Greater Demon           Summoning                    7
   c - Malign Gateway                 Summoning/Translocation      7
   d - Summon Horrible Things         Summoning                    8
 I - a book of Power

   Spells                             Type                      Level
   a - Fulminant Prism                Conjuration/Hexes            4
   b - Iskenderun's Mystic Blast      Conjuration                  4
   c - Venom Bolt                     Conjuration/Poison           5
   d - Bolt of Magma                  Conjuration/Fire/Earth       5
   e - Iron Shot                      Conjuration/Earth            6
   f - Orb of Destruction             Conjuration                  7
   g - Spellforged Servitor           Conjuration/Summoning        7
 Z - a Fen Folio

   Spells                             Type                      Level
   a - Corpse Rot                     Necromancy                   2
   b - Stone Arrow                    Conjuration/Earth            3
   c - Leda's Liquefaction            Hexes/Earth                  4
   d - Summon Forest                  Summoning/Translocation      5
   e - Hydra Form                     Transmutation                6
   f - Summon Hydra                   Summoning                    7


   Skills:
 + Level 3.0 Fighting
 * Level 7.3 Short Blades
 + Level 1.2 Armour
 + Level 7.3 Dodging
 + Level 12.3 Stealth
 + Level 6.4 Spellcasting
   Level 1.0 Conjurations
 + Level 10.9 Hexes
 * Level 7.4 Necromancy
 + Level 3.2 Ice Magic
 + Level 0.2 Evocations


You had 12 spell levels left.
You knew the following spells:

 Your Spells              Type           Power        Failure   Level  Hunger
a - Corona                Hex            #####..      1%          1    None
b - Ensorcelled Hibernat  Hex/Ice        ####..       3%          2    None
c - Confuse               Hex            #####...     1%          3    ##.....
d - Animate Dead          Necr           N/A          17%         4    ####...


Dungeon Overview and Level Annotations

Branches:
Dungeon (10/15)            Temple (1/1) D:6            Lair (0/8) D:9
    Orc (0/4) D:9

Altars:
Ashenzari
Cheibriados
Dithmenos
Elyvilon
Fedhas
Gozag
Kikubaaqudgha
Nemelex Xobeh
Okawaru
Qazlal
Ru
Sif Muna
Trog
Vehumet
Xom
Yredelemnul
Zin
The Shining One

Shops:
D:5 *


Innate Abilities, Weirdness & Mutations

You heal slowly.
You can bottle blood from corpses.
You have razor-sharp teeth.
You have supernaturally acute eyesight.
You can survive without breathing.


Message History

Your +5 dagger unmelds from your body.
Your +0 cloak unmelds from your body.
Your +0 pair of gloves unmelds from your body.
Your +0 pair of boots unmelds from your body.
Your cursed +0 ring mail unmelds from your body.
Your ring of protection from cold unmelds from your body.
Your +3 ring of protection unmelds from your body.
The air elemental hits you.
* * * LOW HITPOINT WARNING * * *
The air elemental merges itself into the air.
The air elemental forms itself from the air!
The air elemental barely misses you. The air elemental hits you.
* * * LOW HITPOINT WARNING * * *
The air elemental merges itself into the air.
The air elemental forms itself from the air!
The air elemental hits you.
* * * LOW HITPOINT WARNING * * *
Read which item? (? for menu, Esc to quit)
As you read the scroll of teleportation, it crumbles to dust.
You feel strangely unstable. The air elemental hits you.
You die...

##...#(.# #...#[...#
##..#...## #...≈≈...#
...#.....### #........#
..#....#..[####### #≈≈...§§≈#
##..##.###..#....###
#≈≈...§§≈# ##..##.#
#.........## ####''####
..#....# #..........####....#
...#...###...........##..####
##.|#..##.......@E.......#
##...#.##...............##
......###..............##
.#######...............######
...###
##...................#####
.....#
#.............#..........
.....#
##...........##..........
.....#
##.........####.........
....## ##.......## #.........


You could see an air elemental.

Vanquished Creatures
  A griffon (D:8)
  2 centaur skeletons (D:10)
  3 trolls
  Sonja (D:10)
  3 basilisks (D:9)
  A human (D:8)
  A fire elemental (D:10)
  A hungry ghost (D:9)
  17 yaks
  A water elemental (D:10)
  3 hippogriffs
  A porcupine (D:9)
  4 water moccasins
  3 phantoms (D:9)
  A necrophage (D:7)
  2 ice beasts
  2 sky beasts
  An orc warrior (D:5)
  3 ogres
  A crocodile (D:9)
  7 centaurs
  Duvessa (D:7)
  A big kobold (D:8)
  4 giant frogs
  5 scorpions
  8 killer bees
  3 troll zombies (D:9)
  2 crimson imps (D:6)
  3 goliath beetles
  A giant frog zombie (D:8)
  A quasit (D:5)
  Dowan (D:7)
  4 hounds
  An orc priest (D:5)
  4 jellies
  6 worker ants
  2 orc wizards
  3 iguanas
  3 sheep (D:8)
  5 ogre zombies (D:9)
  Ijyb (D:2)
  A hound zombie (D:9)
  8 gnolls
  7 adders
  3 river rats (D:9)
  3 giant mites (D:3)
  A worm (D:3)
  An adder skeleton (D:9)
  25 orcs
  A ball python (D:7)
  15 bats
  A bat zombie (D:6)
  7 giant cockroaches
  9 hobgoblins
  9 jackals
  17 kobolds
  5 quokkas
  6 giant geckos
  3 giant newts
  12 goblins
  2 goblin skeletons (D:9)
  5 goblin zombies (D:9)
  A hobgoblin skeleton (D:9)
  4 hobgoblin zombies (D:9)
  3 orc skeletons (D:9)
  10 orc zombies (D:9)
  A quokka zombie (D:8)
  10 rats
288 creatures vanquished.

Vanquished Creatures (collateral kills)
  A killer bee (D:9)
1 creature vanquished.

Vanquished Creatures (others)
  A bush (D:9)
  2 plants (D:9)
3 creatures vanquished.

Grand Total: 292 creatures vanquished

Notes
Turn   | Place    | Note
--------------------------------------------------------------
     0 | D:1      | maniek23, the Vampire Enchanter, began the quest for the Orb.
     0 | D:1      | Reached XP level 1. HP: 13/13 MP: 3/3
   222 | D:1      | Reached XP level 2. HP: 17/19 MP: 4/4
   226 | D:1      | Learned a level 2 spell: Ensorcelled Hibernation
   290 | D:1      | Reached skill level 5 in Stealth
   722 | D:2      | Noticed Ijyb
   731 | D:2      | Killed Ijyb
   731 | D:2      | Reached skill level 5 in Hexes
   731 | D:2      | Reached XP level 3. HP: 21/24 MP: 6/6
   802 | D:2      | Noticed an angel
   803 | D:2      | Found a glowing silver altar of Zin.
  1230 | D:2      | Reached skill level 1 in Armour
  2507 | D:3      | Reached XP level 4. HP: 10/30 MP: 2/7
  3509 | D:3      | Learned a level 3 spell: Confuse
  3539 | D:3      | Reached XP level 5. HP: 27/36 MP: 3/9
  3578 | D:3      | Found a deep blue altar of Sif Muna.
  3793 | D:4      | Reached skill level 1 in Fighting
  4036 | D:4      | Reached skill level 1 in Ice Magic
  4036 | D:4      | Reached XP level 6. HP: 39/43 MP: 8/11
  4086 | D:4      | Reached skill level 6 in Stealth
  4233 | D:5      | Entered Level 5 of the Dungeon
  4343 | D:5      | Found an opulent altar of Gozag.
  4347 | D:5      | Found Gozag's Platinum Reserve.
  4527 | D:5      | Reached skill level 7 in Stealth
  4594 | D:5      | Reached XP level 7. HP: 48/48 MP: 12/15
  4862 | D:5      | Learned a level 4 spell: Animate Dead
  5424 | D:6      | Found a staircase to the Ecumenical Temple.
  5446 | Temple   | Entered the Ecumenical Temple
  5780 | D:6      | Found a stormy altar of Qazlal.
  5873 | D:6      | Reached skill level 5 in Dodging
  5990 | D:6      | Found a snail-covered altar of Cheibriados.
  6264 | D:7      | Reached skill level 8 in Stealth
  6264 | D:7      | Reached skill level 1 in Necromancy
  6268 | D:7      | Noticed a yak
  6273 | D:7      | Noticed a yak
  6274 | D:7      | Reached XP level 8. HP: 56/56 MP: 12/17
  6276 | D:7      | Killed a yak
  6278 | D:7      | Noticed a yak
  6278 | D:7      | Killed a yak
  6286 | D:7      | Killed a yak
  6335 | D:7      | Reached skill level 9 in Stealth
  6439 | D:7      | Learned a level 3 spell: Dazzling Spray
  6473 | D:7      | Found an iron altar of Okawaru.
  7076 | D:7      | Reached XP level 9. HP: 39/61 MP: 15/20
  7092 | D:7      | Found a shadowy altar of Dithmenos.
  7335 | D:7      | Noticed Dowan
  7337 | D:7      | Noticed Duvessa
  7338 | D:7      | Killed Dowan
  7353 | D:7      | Killed Duvessa
  8045 | D:8      | Noticed a griffon
  8482 | D:8      | Killed a griffon
  8482 | D:8      | Reached skill level 10 in Stealth
  8748 | D:8      | Reached skill level 5 in Short Blades
  8748 | D:8      | Reached skill level 5 in Spellcasting
  8774 | D:8      | Reached skill level 5 in Necromancy
  9016 | D:9      | HP: 3/62 [poisoned by a water moccasin]
  9292 | D:9      | Reached XP level 10. HP: 62/68 MP: 10/22
  9295 | D:9      | Reached skill level 11 in Stealth
  9635 | D:9      | Found a staircase to the Lair.
  9692 | D:9      | Reached skill level 1 in Conjurations
  9714 | D:9      | Reached skill level 10 in Hexes
 10138 | D:9      | Found a staircase to the Orcish Mines.
 11206 | D:9      | Reached XP level 11. HP: 74/74 MP: 19/25
 11418 | D:9      | Reached skill level 12 in Stealth
 11546 | D:10     | Entered Level 10 of the Dungeon
 11758 | D:10     | Noticed Sonja
 11817 | D:10     | Killed Sonja
 11925 | D:10     | Found a large runed door.
 11925 | D:10     | Found a large runed door.
 13006 | D:10     | HP: 3/75 [air elemental (1)]
 13007 | D:10     | Slain by an air elemental

Action                   |  1- 3 |  4- 6 |  7- 9 | 10-12 || total
-------------------------+-------+-------+-------+-------++-------
Melee: Dagger            |    77 |   144 |   317 |   395 ||   933
 Cast: Ensorcelled Hiber |     5 |    14 |    41 |    56 ||   116
       Confuse           |       |     4 |    21 |    38 ||    63
       Dazzling Spray    |       |       |    15 |    15 ||    30
       Corona            |       |       |       |     1 ||     1
 Abil: End Transformatio |     1 |     2 |     3 |     6 ||    12
       Bat Form          |     1 |     2 |     3 |     6 ||    12
Evoke: Wand              |       |       |     2 |    12 ||    14
  Use: Potion            |     2 |     3 |     4 |     1 ||    10
       Scroll            |       |       |     4 |     9 ||    13
 Stab: Sleeping          |    10 |    11 |    39 |    35 ||    95
       Confused          |       |     3 |    12 |    25 ||    40
       Invisible         |       |       |     6 |     1 ||     7
       Distracted        |       |       |     2 |     1 ||     3
  Eat: Corpse            |     1 |     3 |    10 |     5 ||    19
